 Dungeon Crawl Stone Soup version 0.28-a0-1594-ga885d4b3d6 (webtiles) character file.

Game seed: 13330309368535239859

2 mordus the Summoner (level 1, -4/23 HPs)
             Began as a Gnoll Wanderer on Jan 20, 2022.
             Killed from afar by a dart slug (6 damage)
             ... with a slug dart
             ... on level 1 of the Dungeon.
             The game lasted 00:00:36 (90 turns).

mordus the Summoner (Gnoll Wanderer)                  Turns: 90, Time: 00:00:36

Health: -4/23      AC:  2    Str: 11    XL:     1   Next: 40%
Magic:  4/4        EV: 11    Int: 11    God:
Gold:   0          SH:  0    Dex: 11    Spells: 5/5 levels left

rFire   . . .      SeeInvis .   a - +0 club
rCold   . . .      Faith    .   (no shield)
rNeg    . . .      Spirit   .   b - +0 robe
rPois   .          Reflect  .   (no helmet)
rElec   .          Harm     .   d - scarf {+Inv}
rCorr   .          Rampage  .   (no gloves)
Will    .....                   (no boots)
Stlth   +.........              (no amulet)
HPRegen 0.07/turn               (no ring)
MPRegen 0.09/turn               (no ring)

@: very slow
A: fangs 1, strong nose, distributed training
a: Evoke Invisibility


You were on level 1 of the Dungeon.
You visited 1 branch of the dungeon, and saw 1 of its levels.

Inventory:

Hand Weapons
 a - a +0 club (weapon)
Armour
 b - a +0 robe (worn)
 d - a scarf of invisibility (worn)
Scrolls
 c - a scroll of teleportation


   Skills:
 + Level 6.4 Fighting
 + Level 0.0 Short Blades
 + Level 0.0 Long Blades
 + Level 0.0 Axes
 + Level 0.0 Maces & Flails
 + Level 0.0 Polearms
 + Level 0.0 Staves
 + Level 0.0 Slings
 + Level 0.0 Bows
 + Level 0.0 Crossbows
 + Level 0.0 Throwing
 + Level 0.0 Armour
 + Level 0.0 Dodging
 + Level 0.0 Stealth
 + Level 0.0 Shields
 + Level 0.0 Unarmed Combat
 + Level 2.6 Spellcasting
 + Level 0.0 Conjurations
 + Level 0.0 Hexes
 + Level 8.7 Summonings
 + Level 0.0 Necromancy
 + Level 0.0 Translocations
 + Level 0.0 Transmutations
 + Level 0.0 Fire Magic
 + Level 0.0 Ice Magic
 + Level 1.9 Air Magic
 + Level 0.0 Earth Magic
 + Level 0.0 Poison Magic
 + Level 0.1 Invocations
 + Level 0.0 Evocations


You had 5 spell levels left.
You didn't know any spells.
Your spell library contained the following spells:

 Spells                   Type           Power      Damage    Failure   Level
 Summon Small Mammal      Summ           80%        N/A       1%          1
 Shock                    Conj/Air       12%        1d3       19%         1
 Summon Lightning Spire   Summ/Air       13%        N/A       30%         4
 Swiftness                Air            5%         N/A       36%         3
 Summon Ice Beast         Ice/Summ       11%        N/A       41%         4


Dungeon Overview and Level Annotations

Branches:
Dungeon (1/15)

Altars:

Annotations:
D:1 1 runed translucent door


Innate Abilities, Weirdness & Mutations

You have very sharp teeth.
Your uncanny sense of smell can sniff out nearby items.
Your experience applies equally to all skills.


Message History

The kobold closely misses you.
You hit the dart slug.
The dart slug is lightly wounded.
The kobold hits you but does no damage. The dart slug barely misses you.
The kobold hits you with a +0 whip.
You hit the dart slug.
The dart slug is moderately wounded.
The kobold hits you but does no damage.
Your unstable footing causes you to fumble your attack.
The dart slug misses you. The kobold barely misses you.
Your unstable footing causes you to fumble your attack.
The kobold closely misses you. The dart slug launches a dart at you.
The slug dart misses you.
The slug dart hits the kobold but does no damage.
You hit the dart slug.
The dart slug is severely wounded.
The kobold hits you with a +0 whip. The dart slug launches a dart at you.
The slug dart hits you. The kobold hits you with a +0 whip.
You are too injured to fight recklessly!
You are too injured to fight recklessly!
You are too injured to fight recklessly!
You are too injured to fight recklessly!
You are too injured to fight recklessly!
You are too injured to fight recklessly!
You are too injured to fight recklessly!
Your unstable footing causes you to fumble your attack.
The dart slug launches a dart at you. The slug dart hits you.
* * * LOW HITPOINT WARNING * * *
The kobold hits you with a +0 whip.
* * * LOW HITPOINT WARNING * * *
Your unstable footing causes you to fumble your attack.
The kobold closely misses you. The dart slug completely misses you.
Your unstable footing causes you to fumble your attack.
The kobold misses you. The dart slug launches a dart at you.
The slug dart hits you.
You die...

...≈≈≈≈≈♣ #.#
≈...≈≈≈≈≈≈P≈ #.#
P....≈≈P≈≈≈ #.#
≈≈..≈≈≈≈≈≈♣♣ #.#
≈≈...≈≈PP≈P♣# #.#
≈≈....≈≈≈≈≈≈# #.#
≈≈≈..≈≈≈≈≈≈♣# #.#
≈≈≈..≈≈w♣≈♣.#####.######
♣≈≈...≈@..#............#
≈♣≈..≈♣K.#############.#
♣≈.....## #_#......
.≈♣....## #^#####.# .
#...# #.#.....# ####
#..###### ##.# # ∆ #.# #
########.######


You could see a dart slug and a kobold.

Vanquished Creatures
  A kobold (D:1)
  A bat (D:1)
  A frilled lizard (D:1)
3 creatures vanquished.

Notes
Turn   | Place    | Note
-------+----------+-------------------------------------------
     0 | D:1      | mordus the Gnoll Wanderer began the quest for the Orb.
     0 | D:1      | mordus set off with the following items: a +0 club, a +0
                  | robe, a scroll of teleportation; and the following spells
                  | available to memorise: Summon Small Mammal, Shock, Summon
                  | Lightning Spire, Swiftness, Summon Ice Beast
     0 | D:1      | Reached XP level 1. HP: 23/23 MP: 4/4
     1 | D:1      | Found a runed translucent door.
    39 | D:1      | Found a faded altar of an unknown god.
    90 | D:1      | Killed from afar by a dart slug

Illustrated notes

Levels and vault maps discovered:
D:1:      dpeg_arrival_caged_fury, layout_basic, serial_shops, shop,
          hellmonk_ecumenical_altar_leap_of_faith, serial_bayou_ford_a

Action                   || total
-------------------------++-------
Melee: Club              ||    15
Armor: Robe              ||     3
Dodge: Dodged            ||    14

Table legend: (Time is in decaauts)
 A = Elapsed time spent in this place.
 B = Non-inter-level travel time spent in this place.
 C = Inter-level travel time spent in this place.
 D = Time resting spent in this place.
 E = Time spent auto-exploring this place.
 F = Levels seen in this place.
 G = Mean time per level.
                   A        B        C        D        E       F      G
               +--------+--------+--------+--------+--------+-----+--------+
         Total |     97 |     97 |      0 |      0 |     50 |   1 |   97.0 |
       Dungeon |     97 |     97 |      0 |      0 |     50 |   1 |   97.0 |
               +--------+--------+--------+--------+--------+-----+--------+

Top non-repeatable levels by time:
     D:1: 97 daAuts
